 Dungeon Crawl Stone Soup version 0.19-a0-291-ga637243 (webtiles) character file.

212 namelastname112 the Sneak (level 6, -2/41 HPs)
             Began as a Halfling Assassin on May 27, 2016.
             Was a Follower of Ukayaw.
             Slain by an orc (3 damage)
             ... on level 3 of the Dungeon.
             The game lasted 00:03:27 (3119 turns).

namelastname112 the Sneak (Halfling Assassin)       Turns: 3119, Time: 00:03:28

Health: -2/41      AC:  3    Str: 11    XL:     6   Next: 14%
Magic:  3/7        EV: 15    Int: 10    God:    Ukayaw [*.....]
Gold:   151        SH:  0    Dex: 18    Spells: 0 memorised, 5 levels left

rFire  . . .     SeeInvis .     a - +2 dagger
rCold  . . .     Gourm    .     c - +0 robe
rNeg   . . .     Faith    .     (shield restricted)
rPois  .         Spirit   .     (no helmet)
rElec  .         Dismiss  .     d - +0 cloak
rCorr  .         Reflect  .     (no gloves)
SustAt .         Harm     .     (no boots)
MR     .....                    (no amulet)
Stlth  +++.......               (no ring)
                                (no ring)

@: not resistant to hostile enchantments, fairly stealthy
A: mutation resistance 1
a: Stomp, Renounce Religion


You were on level 3 of the Dungeon.
You worshipped Ukayaw.
Ukayaw was aware of your devotion.
You were hungry.

You visited 1 branch of the dungeon, and saw 3 of its levels.

You collected 151 gold pieces.

Inventory:

Hand Weapons
 a - a +2 dagger (weapon)
 b - a +0 blowgun
Missiles
 e - 8 poisoned needles
 f - 2 curare-tipped needles
Armour
 c - a +0 robe (worn)
 d - a +0 cloak (worn)
Wands
 w - a wand of digging (8/24)
Scrolls
 h - a scroll of immolation {unknown}
 i - 3 scrolls of enchant armour {unknown}
 j - 3 scrolls of identify {unknown}
 m - 3 scrolls of remove curse {unknown}
 n - a scroll of teleportation {unknown}
 o - a scroll of magic mapping {unknown}
 x - 2 scrolls of random uselessness {unknown}
 y - 2 scrolls of fear {unknown}
Potions
 k - 2 potions of mutation {unknown}
 l - 2 potions of flight {unknown}
 p - 2 potions of might {unknown}
 r - 2 potions of brilliance {unknown}
 s - a potion of heal wounds {unknown}
 t - 2 potions of ambrosia {unknown}
Comestibles
 g - 3 bread rations
 q - 2 meat rations
 u - a slice of pizza
 v - 5 fruits
 z - a chunk of flesh
 A - a beef jerky


   Skills:
 + Level 2.7 Fighting
 + Level 4.0 Short Blades
 + Level 3.2 Throwing
 + Level 2.0 Armour
 + Level 2.5 Dodging
 + Level 4.7 Stealth
 * Level 1.5 Invocations


You had 5 spell levels left.
You didn't know any spells.

Dungeon Overview and Level Annotations

Branches:
Dungeon (3/15)

Altars:
Ru
Ukayaw


Innate Abilities, Weirdness & Mutations

You are small and have problems with some larger weapons.
You are somewhat resistant to further mutation.


Message History

You feel agile.
You feel a bit more experienced.
You regained 2 hp, and now have 11/41 hp.
MP restored: 7 The orc barely misses you.
Things that are here:
a dagger; a robe; 6 curare-tipped needles You barely miss the orc.
The orc closely misses you.
You hit the orc.
The orc is lightly wounded.
The orc hits you with a trident!
* * * LOW HITPOINT WARNING * * *
You take 10 damage, and have 1/41 hp.
MASSIVE DAMAGE!!
Aiming: Line Pass
Press: ? - help, Dir - move target cursor The orc appears confused. x2
You are feeling hungry.
You can no longer pass through a line of other dancers.
The orc hits you.
You die...

#.......[# .........#
#........# #.#.....##
#.#......## #.........#
..........#
#.........#############
.............)oo@.....#
########
........#############.##
#....... ##.######
#....###...###.#####.
#.# #.##.##.#.#.##.# #.
#.# #.##......>....# #.
#.# #.#####.#.#.##.# #.
#.##########.#
##.[.###.# #.
##............# ##.##
#.. .. .........######
#.# #### ##


You could see 2 orcs.

Vanquished Creatures
  An orc wizard (D:3)
  Natasha (thrice) (D:2)
  4 adders
  An ooze (D:1)
  A worm (D:2)
  A dart slug (D:2)
  A giant gecko (D:1)
  4 orcs
  3 ball pythons
  5 giant cockroaches
  7 hobgoblins
  3 jackals (D:1)
  A quokka (D:3)
  6 bats
  4 giant newts
  7 goblins
  4 kobolds
  8 rats
64 creatures vanquished.

Notes
Turn   | Place    | Note
--------------------------------------------------------------
     0 | D:1      | namelastname112 the Halfling Assassin began the quest for the Orb.
     0 | D:1      | Reached XP level 1. HP: 14/14 MP: 1/1
   140 | D:1      | Reached XP level 2. HP: 10/19 MP: 2/2
   484 | D:1      | Reached XP level 3. HP: 24/24 MP: 3/3
  1113 | D:2      | Reached skill level 1 in Armour
  1113 | D:2      | Reached XP level 4. HP: 14/29 MP: 4/4
  1641 | D:2      | Found a sacrificial altar of Ru.
  1641 | D:2      | Noticed Natasha
  1647 | D:2      | Killed Natasha
  1771 | D:2      | Found a hide-covered altar to Ukayaw.
  1779 | D:2      | Became a worshipper of Ukayaw the Reveler
  1839 | D:2      | Noticed Natasha
  1844 | D:2      | Reached * piety under Ukayaw
  1846 | D:2      | Reached XP level 5. HP: 29/35 MP: 5/5
  1867 | D:2      | Reached ** piety under Ukayaw
  1872 | D:2      | Killed Natasha
  1872 | D:2      | Reached skill level 1 in Invocations
  2195 | D:2      | Noticed Natasha
  2242 | D:2      | Killed Natasha
  2364 | D:3      | HP: 1/35 [hobgoblin/club (2)]
  3115 | D:3      | Reached XP level 6. HP: 11/41 MP: 7/7
  3118 | D:3      | HP: 1/41 [orc/trident (10)]
  3119 | D:3      | Slain by an orc

Vault maps used:
D:1:      dpeg_arrival_lava_altar
D:2:      nicolae_ru_the_path_less_chosen, marbit_many_paths, uniq_natasha

Skill      XL: |  1  2  3  4  5 |
---------------+----------------+-----
Short Blades   | 3 4 |  4.0
Fighting       | 2 |  2.7
Armour         | 1 2 |  2.0
Dodging        | 2 |  2.5
Throwing       | 3 |  3.2
Invocations    | 1 |  1.5
Stealth        | |  4.7

Action                   |  1- 3 |  4- 6 || total
-------------------------+-------+-------++-------
Melee: Dagger            |    96 |   182 ||   278
Invok: Stomp             |       |     1 ||     1
       Line Pass         |       |     1 ||     1
 Stab: Sleeping          |    10 |     3 ||    13
       Distracted        |     1 |     1 ||     2
  Eat: Chunk             |       |     7 ||     7
Armor: Robe              |    13 |    20 ||    33
Dodge: Dodged            |    45 |   139 ||   184
